 Dungeon Crawl Stone Soup version 0.25-b1-23-ge2ad7d536c (webtiles) character file.

Game seed: 1916408964622524539, levelgen mode: deterministic

263 Goblin1989 the Sneak (level 5, -12/38 HPs)
             Began as a Vampire Assassin on May 31, 2020.
             Mangled by a mummy (18 damage)
             ... in an ossuary.
             The game lasted 00:07:32 (2333 turns).

Goblin1989 the Sneak (Vampire Assassin)             Turns: 2333, Time: 00:07:32

Health: -12/38     AC:  5    Str: 10    XL:     5   Next: 97%
Magic:  5/5        EV: 12    Int: 13    God:
Gold:   153        SH:  0    Dex: 17    Spells: 4/4 levels left

rFire    . . .     SeeInvis +   a - +3 dagger
rCold    . . .     Gourm    .   (no shield)
rNeg     . . .     Faith    .   t - +0 robe
rPois    .         Spirit   .   (no helmet)
rElec    .         Reflect  .   u - +2 cloak
rCorr    .         Harm     .   (no gloves)
MR       .....                  (no boots)
Stlth    ++++......             r - amulet of regeneration
HPRegen  0.72/turn              (no ring)
MPRegen  0.09/turn              (no ring)

@: regenerating quickly
A: no food, fangs 3, see invisible, unbreathing
a: Exsanguinate


You were in an ossuary.
You were alive.

You visited 1 branch of the dungeon, and saw 4 of its levels.
You also visited: Ossuary.

You collected 153 gold pieces.

Inventory:

Hand Weapons
 a - a +3 dagger (weapon)
 b - a +2 dagger of venom
Missiles
 d - 8 poisoned darts (quivered)
 e - 2 curare-tipped darts
Armour
 c - a +0 cloak
 t - a +0 robe (worn)
 u - a +2 cloak (worn)
Jewellery
 i - an uncursed amulet of faith {!P}
 r - an amulet of regeneration (around neck)
Wands
 y - a wand of acid (5) {@v2}
Scrolls
 g - 3 scrolls of remove curse {unknown}
 h - 3 scrolls of identify {unknown}
 j - 2 scrolls of enchant weapon {unknown}
 k - 2 scrolls of random uselessness {unknown}
 s - a scroll of magic mapping {unknown}
 v - a scroll of teleportation {unknown}
Potions
 f - a potion of heal wounds {unknown}
 w - a potion of stabbing {unknown}
 x - 2 potions of curing {unknown}
 z - a potion of experience {unknown}


   Skills:
 - Level 1.7 Fighting
 * Level 5.8 Short Blades
 - Level 1.5 Throwing
 - Level 1.1 Dodging
 + Level 7.9 Stealth


You had 4 spell levels left.
You didn't know any spells.
Your spell library was empty.

Dungeon Overview and Level Annotations

Branches:
Dungeon (4/15)            Ossuary (1/1)
 Temple: D:4-7

Altars:
Cheibriados
Ru

Annotations:
D:4 1 exclusion


Innate Abilities, Weirdness & Mutations

You do not eat.
Your natural rate of healing is unusually fast.
You have razor-sharp teeth.
You have supernaturally acute eyesight. (SInv)
You can survive without breathing.


Message History

The leopard gecko is almost dead.
The leopard gecko barely misses you.
You hit the leopard gecko.
You kill the leopard gecko!
No target in view!
x - 2 emerald potions (gained 1)
g - 3 scrolls labeled YNEIDDEACVO (gained 2) Done exploring.
Done exploring.
(D) Dungeon
Where to? (Enter - D:3, ? - help)
There is a stone staircase leading down here.
You climb downwards.
You hear the hiss of flowing sand.
There is an entrance to an ossuary on this level.
Hurry and find it before the portal is buried!
There is a stone staircase leading up here.
You now have 146 gold pieces (gained 16).
A worm comes into view.
You now have 153 gold pieces (gained 7).
Found a stone staircase leading down.
z - a puce potion
j - 2 scrolls labeled TUDGHI AFUS (gained 1)
A frilled lizard comes into view.
You hear the slow hiss of a distant avalanche of sand.
The helpless frilled lizard fails to defend itself.
You skewer the frilled lizard like a kebab!!!
You kill the frilled lizard!
You see here a frilled lizard corpse.
A giant cockroach comes into view.
You see here a scroll labeled XISMAM LITE.
h - 3 scrolls labeled XISMAM LITE (gained 1)
A hound comes into view.
The giant cockroach closely misses you. The giant cockroach bites you.
You take 2 damage, and have 36/38 hp.
You hit the giant cockroach.
The giant cockroach is poisoned.
Your bite misses the giant cockroach.
The giant cockroach is severely wounded.
You kill the giant cockroach!
The hound barks!
Health restored: 38 You closely miss the hound.
The hound bites you.
You take 3 damage, and have 35/38 hp.
You hit the hound.
The hound is poisoned.
The hound is moderately wounded.
The hound barely misses you.
You barely miss the hound.
The hound is moderately wounded.
The hound completely misses you.
You hit the hound but do no damage.
The hound is moderately wounded.
The hound barely misses you.
You hit the hound.
The hound looks as sick as possible!
You bite the hound.
The hound is severely wounded.
You kill the hound!
You see here a hound corpse.
Health restored: 38 You hear the slow hiss of a distant avalanche of sand.
Press: ? - help, v - describe, . - travel The floor.
Placed new exclusion.
Reduced exclusion size to a single square.
An orc comes into view. It is wielding a +0 whip.
You see here 24 stones {@Q3}.
The helpless orc fails to defend itself.
You skewer the orc like a kebab!!!
You kill the orc!
You hear the slow hiss of an avalanche of sand nearby.
Found a sand-covered staircase. 2 zombies come into view.
There is a sand-covered staircase here.
The world spins around you as you enter the gateway.
You enter an ossuary! 3 mummies come into view.
Found a gate leading back out of this place.
There is an empty arch of ancient stone here.
Your +2 dagger of venom stops dripping with poison.
a - a +3 dagger (weapon)
The mummy completely misses you.
You hit the mummy.
The mummy is lightly damaged.
The mummy hits you but does no damage. The mummy misses you.
You hit the mummy. You bite the mummy.
The mummy is moderately damaged.
You hit the mummy.
The mummy is moderately damaged.
The mummy closely misses you. The mummy hits you but does no damage.
You closely miss the mummy.
The mummy is moderately damaged.
The mummy hits you.
You take 4 damage, and have 34/38 hp.
You hit the mummy but do no damage.
The mummy is moderately damaged.
The mummy hits you!
You take 11 damage, and have 23/38 hp.
MASSIVE DAMAGE!!
You hit the mummy but do no damage.
The mummy is moderately damaged.
The mummy hits you!!
* * * LOW HITPOINT WARNING * * *
The mummy hits you!!
You die... ████ █MM██████

██@.....█
█.M.∩.∩.▲
██......█
█..██████


████ You could see 3 mummies.

Vanquished Creatures
  An orc priest (D:3)
  A hound (D:4)
  An orc wizard (D:3)
  7 adders
  A dart slug (D:2)
  4 leopard geckos
  7 orcs
  2 giant cockroaches
  13 goblins
  6 hobgoblins
  12 jackals
  A quokka (D:2)
  3 ball pythons
  11 bats
  9 frilled lizards
  14 kobolds
  7 rats
100 creatures vanquished.

Notes
Turn   | Place    | Note
-------+----------+-------------------------------------------
     0 | D:1      | Goblin1989 the Vampire Assassin began the quest for the
                  | Orb.
     0 | D:1      | Reached XP level 1. HP: 16/16 MP: 1/1
   106 | D:1      | Reached skill level 6 in Stealth
   195 | D:1      | Reached XP level 2. HP: 22/22 MP: 2/2
   643 | D:1      | Reached XP level 3. HP: 24/27 MP: 3/3
  1011 | D:2      | Found a sacrificial altar of Ru.
  1019 | D:2      | Reached XP level 4. HP: 33/33 MP: 4/4
  1179 | D:2      | Reached skill level 7 in Stealth
  1609 | D:3      | Found a snail-covered altar of Cheibriados.
  1669 | D:3      | Reached XP level 5. HP: 31/38 MP: 5/5
  1728 | D:3      | Reached skill level 5 in Short Blades
  2315 | D:4      | Found a sand-covered staircase.
  2322 | Ossuary  | Entered an ossuary
  2333 | Ossuary  | Mangled by a mummy

Illustrated notes

Levels and vault maps discovered:
D:1:      nagdon_arrival_double_spiral, layout_basic
D:2:      layout_loops_ring, nicolae_ru_great_annihilating_truth
D:3:      layout_rooms, overflow_temple_1_default, first_ration
D:4:      layout_basic, serial_shops, nicolae_shop_behind_doors,
          enter_ossuary_4, corexii_corridor_pit
Ossuary:  ossuary_minmay_chase

Skill      XL: |  1  2  3  4  5 |
---------------+----------------+-----
Stealth        | 6 7 |  7.9
Short Blades   | 3 4 5 |  5.8
Fighting       | |  1.7
Throwing       | |  1.5
Dodging        | |  1.1

Action                   |  1- 3 |  4- 6 || total
-------------------------+-------+-------++-------
Melee: Dagger            |   136 |   160 ||   296
       Bite              |     7 |    13 ||    20
 Stab: Sleeping          |    19 |    11 ||    30
       Distracted        |       |     1 ||     1
       Paralysed         |       |     1 ||     1
Armor: Robe              |    17 |    34 ||    51
Dodge: Dodged            |    80 |    97 ||   177

Levels and vault maps discovered:
D:1:      nagdon_arrival_double_spiral, layout_basic
D:2:      layout_loops_ring, nicolae_ru_great_annihilating_truth
D:3:      layout_rooms, overflow_temple_1_default, first_ration
D:4:      layout_basic, serial_shops, nicolae_shop_behind_doors,
          enter_ossuary_4, corexii_corridor_pit
Ossuary:  ossuary_minmay_chase
